Map: Protocole central

Players

Worming

  • Race: Zerg Zerg
  • League: Diamond

SnOOoPy - Winner!

  • Race: Terran Terran
  • League: Diamond

VOD

Have the link to the VOD?

Description

Time

  • Played on: Dec. 17, 2015, 12:02 p.m.
  • Length: 8:05
Show
View Real Time Build Order
Export as new Build Order

Worming Zerg 

Build Orders: Hatch First, Ravager All-In 

Get SALT Encoding   

  12  0:01  Drone  
  13  0:12  Overlord  
  13  0:17  Drone  
  14  0:31  Drone x2  
  16  0:42  Drone  
  17  0:52  Hatchery  
  17  0:56  Drone  
  17  1:11  Spawning Pool  
  16  1:13  Drone  
  16  1:17  Drone  
  18  1:21  Drone  
  19  1:29  Extractor  
  19  1:31  Drone, Extractor  
  18  1:45  Drone  
  19  1:58  Queen  
  19  1:59  Zergling x2  
  22  2:04  Drone  
  22  2:05  Drone  
  22  2:08  Queen  
  26  2:17  Roach Warren  
  25  2:27  Drone  
  25  2:28  Drone  
  27  2:32  Overlord  
  27  2:44  Overlord  
  27  2:59  Roach  
  27  3:00  Roach x2  
  27  3:02  Overlord  
  33  3:07  Roach  
  33  3:11  Roach  
  37  3:16  Roach  
  37  3:19  Roach  
  41  3:26  Ravager x3  
  43  3:44  Roach x4  
  51  4:07  Overlord  
  51  4:14  Hatchery  
  38  4:29  Drone x9  
  47  4:36  Ravager  
  48  4:38  Roach  
  48  4:55  Ravager  
  42  5:05  Drone x12  
  54  5:09  Extractor  
  53  5:14  Lair  
  53  5:16  Evolution Chamber  
  53  5:17  Drone  
  53  5:19  Evolution Chamber  
  52  5:31  Drone x6  
  58  5:43  Zerg Melee Weapons Level 1  
  58  5:56  Zerg Ground Armor Level 1  
  58  6:02  Extractor  
  57  6:05  Overlord  
  57  6:09  Baneling Nest  
  57  6:11  Drone x2  
  58  6:12  Overlord x4  
  58  6:18  Queen, Spine Crawler x2  
  58  6:26  Zergling x16  
  66  6:40  Infestation Pit  
  66  6:42  Extractor  
  66  6:43  Drone  
  66  6:45  Drone x3  
  66  6:46  Drone x5  
  77  7:01  Drone x4  
  75  7:11  Zergling x8  
  73  7:22  Zergling x6  
  59  7:31  Baneling x2  
  59  7:32  Baneling x4  
  59  7:33  Zergling x16  
Show
View Real Time Build Order
Export as new Build Order

SnOOoPy Terran - Winner!

Build Orders: MMM Bio 

Get SALT Encoding   

  12  0:00  SCV  
  13  0:12  SCV  
  14  0:17  Supply Depot  
  14  0:25  SCV  
  15  0:39  SCV  
  15  0:41  Barracks  
  16  0:51  SCV  
  17  1:03  SCV  
  18  1:15  SCV  
  19  1:27  Orbital Command  
  19  1:28  Marine  
  20  1:35  Command Center  
  20  1:43  Supply Depot  
  20  1:46  Marine  
  21  1:54  SCV  
  21  2:00  Bunker  
  22  2:04  Marine  
  22  2:06  Refinery  
  22  2:08  Refinery  
  23  2:10  SCV  
  24  2:23  Marine  
  24  2:24  SCV  
  26  2:33  Supply Depot  
  26  2:36  SCV  
  27  2:41  Marine  
  28  2:48  Orbital Command  
  29  2:51  SCV  
  29  2:57  Factory  
  29  3:00  Barracks Reactor  
  29  3:03  SCV  
  29  3:06  Marine  
  29  3:11  Barracks  
  30  3:18  SCV  
  30  3:19  Bunker  
  31  3:25  Marine  
  32  3:27  SCV  
  32  3:30  SCV  
  34  3:36  Supply Depot  
  34  3:39  SCV  
  34  3:40  Widow Mine  
  37  3:44  SCV  
  37  3:48  Marine  
  38  3:51  SCV  
  38  3:54  Supply Depot  
  40  3:56  SCV  
  40  3:59  Barracks Tech Lab  
  41  4:03  SCV  
  41  4:09  Widow Mine, Marine  
  44  4:25  SCV x2  
  44  4:28  Marauder  
  44  4:30  Stimpack  
  48  4:35  Marine  
  48  4:37  SCV  
  48  4:38  Factory Tech Lab  
  50  4:44  SCV  
  51  4:49  Barracks  
  51  4:52  Supply Depot  
  51  4:53  Marauder  
  51  4:56  Barracks Reactor  
  51  4:57  SCV  
  51  4:59  SCV  
  55  5:06  Siege Tank  
  59  5:14  SCV  
  59  5:15  Starport, SCV  
  60  5:21  Supply Depot  
  60  5:26  SCV  
  61  5:29  Marauder  
  61  5:30  SCV  
  61  5:32  Marine x2  
  66  5:38  Siege Tank, Barracks Reactor, SCV  
  66  5:42  Supply Depot  
  70  5:53  Medivac  
  70  5:54  Marine x2  
  70  5:55  SCV, Marauder  
  77  6:03  SCV  
  78  6:06  Supply Depot  
  78  6:07  SCV  
  78  6:10  Command Center  
  79  6:14  Marine  
  79  6:15  Marine x3  
  86  6:18  Siege Tank  
  86  6:29  Marauder  
  86  6:30  Starport Reactor, Combat Shields  
  86  6:31  SCV  
  89  6:33  Refinery  
  89  6:37  Refinery  
  89  6:38  Marine x3  
  89  6:39  Marine  
  93  6:47  SCV  
  94  6:48  Engineering Bay  
  94  6:51  Engineering Bay  
  94  6:53  Siege Tank, Marauder  
  99  6:54  SCV  
  99  6:59  SCV  
  99  7:00  Marine  
  102  7:07  Marine  
  102  7:08  SCV  
  102  7:09  Marine x2  
  96  7:16  Marine  
  96  7:18  Marine  
  96  7:25  Medivac x2, Orbital Command, Marine  
  96  7:27  Marine x2  
  96  7:29  Supply Depot  
  103  7:30  SCV x2  
  105  7:37  Barracks  
  105  7:40  Barracks  
  105  7:41  Marine x2  
  107  7:48  Supply Depot  
Tags
 
Add a new tag
Caveats
  • Supply blocks, unpowered buildings, or Contaminate may cause inaccurate times.
  • Supply counts are checked every 10 seconds.